 Dungeon Crawl Stone Soup version 0.30-a0-632-g346586fe48 (webtiles) character file.

Game seed: 16858763320668007244

894 Newt the Skirmisher (level 8, -3/48 HPs)
             Began as a Kobold Hunter on Jan 13, 2023.
             Slain by a yak (6 damage)
             ... on level 5 of the Dungeon.
             The game lasted 00:04:40 (5503 turns).

Newt the Skirmisher (Kobold Hunter)                 Turns: 5503, Time: 00:04:40

Health: -3/48      AC:  6    Str:  8    XL:     8   Next: 27%
Magic:  8/8        EV: 17    Int: 11    God:
Gold:   291        SH:  0    Dex: 20    Spells: 7/7 levels left

rFire   . . .      SeeInvis .    n - +4 arbalest (drain)
rCold   . . .      Faith    .    (shield currently unavailable)
rNeg    . . .      Spirit   .    q - +1 leather armour of Chimes {Harm Regen+}
rPois   .          Reflect  .    (no helmet)
rElec   .          Harm     +    l - +1 cloak
rCorr   .          Rampage  .    (no gloves)
Will    .....                    (no boots)
Stlth   +++                      (no amulet)
HPRegen 1.08/turn                (no ring)
MPRegen 0.11/turn                (no ring)

@: no status effects
A: small, no large weapons, nightstalker 3
a: no special abilities


You were on level 5 of the Dungeon.
You visited 1 branch of the dungeon, and saw 5 of its levels.

You collected 335 gold pieces.
You spent 44 gold pieces at shops.

Inventory:

Hand Weapons
 a - a +2 shortbow
 n - a +4 arbalest of draining (weapon)
Armour
 c - a +0 leather armour
 l - a +1 cloak (worn)
 q - the +1 leather armour of Chimes (worn) {Harm Regen+}
   (You found it on level 4 of the Dungeon)

   Regen:     It increases your rate of health regeneration.
   Harm:      It increases damage dealt and taken.
Scrolls
 b - a scroll of immolation
 e - 2 scrolls of fog
 i - a scroll of torment
 j - a scroll of magic mapping
 k - 2 scrolls of amnesia
Potions
 f - a potion of haste
 g - 6 potions of curing
 m - 2 potions of heal wounds
 r - 2 potions of ambrosia


   Skills:
 - Level 4.0 Fighting
 + Level 8.6 Ranged Weapons
 - Level 4.0 Armour
 - Level 5.0 Dodging
 - Level 3.0 Stealth


You had 7 spell levels left.
You didn't know any spells.
Your spell library contained the following spells:

 Spells                   Type           Power      Damage    Failure   Level
 Kiss of Death            Conj/Necr      0%         2d5       45%         1
 Sandblast                Erth           0%         2d4       45%         1
 Passwall                 Tmut/Erth      0%         N/A       58%         2
 Confusing Touch          Hex            0%         N/A       83%         3
 Inner Flame              Hex/Fire       0%         N/A       83%         3
 Stone Arrow              Conj/Erth      0%         3d7       83%         3
 Dispel Undead            Necr           0%         3d6       99%         4
 Flame Wave               Conj/Fire      0%         2d4       99%         4
 Sticky Flame             Conj/Fire      0%         2d3       99%         4


Dungeon Overview and Level Annotations

Branches:
Dungeon (5/15)
 Temple: D:4-7

Altars:
Sif Muna
Trog

Shops:
D:1 ?

Annotations:
D:5 sokol815's ghost, novice OpFE


Innate Abilities, Weirdness & Mutations

You are small and have problems with some larger weapons.
You are completely attuned to the shadows.


Message History

You shoot a bolt.
The bolt closely misses sokol815's ghost.
Sokol815's ghost barely misses you. The yak gores you.
You shoot a bolt. The bolt hits sokol815's ghost.
Sokol815's ghost is almost destroyed.
Sokol815's ghost hits you but does no damage.
The yak gores you.
Sokol815's ghost hits you but does no damage.
The yak gores you but does no damage.
You shoot a bolt. The bolt misses sokol815's ghost.
Sokol815's ghost hits you but does no damage.
The yak gores you but does no damage.
You shoot a bolt.
The bolt barely misses sokol815's ghost.
Sokol815's ghost hits you but does no damage.
The yak gores you but does no damage.
Sokol815's ghost hits you but does no damage.
The yak snorts and paws the ground.
The yak gores you but does no damage.
You shoot a bolt. The bolt hits sokol815's ghost.
Sokol815's ghost is almost destroyed.
Sokol815's ghost barely misses you. The yak barely misses you.
You shoot a bolt. The bolt hits sokol815's ghost.
Sokol815's ghost is almost destroyed.
You feel less wooden.
Your +1 cloak unmelds from your body.
The +1 leather armour of Chimes {Harm Regen+} unmelds from your body.
Sokol815's ghost hits you but does no damage.
The yak gores you! Sokol815's ghost hits you. The yak closely misses you.
You shoot a bolt. The bolt hits sokol815's ghost.
Sokol815's ghost is almost destroyed.
Sokol815's ghost hits you. The yak closely misses you.
You shoot a bolt.
The bolt barely misses sokol815's ghost.
Sokol815's ghost barely misses you. The yak gores you!
* * * LOW HITPOINT WARNING * * *
Sokol815's ghost hits you.
* * * LOW HITPOINT WARNING * * *
The yak gores you.
You die...

######.##.#.#....###.........#.#
# #......#....#..#..##..#.#.# #
####.#.#...#....#..#..#.#.# ###
#.#.#.##.....#.........# ..#
#..............#####.### #.####
###.##.#.##..........# .....#
#.##.#.....######### ..##.#
####.##..#.# ..##.# §§#§.W@....#
.....# §§§§.Y####.# .....#
Y§#........# ..##.##
############ ......#####
#.#.#.....# #.#...###.####
..###........# ..# #..##.#..#


You could see a yak and sokol815's ghost.

Vanquished Creatures
  Eustachio (D:4)
  An ogre (D:5)
  A phantom (D:5)
  3 scorpions (D:5)
  A howler monkey (D:5)
  2 jellies (D:5)
  2 iguanas (D:4)
  5 orc wizards (D:5)
  A gnoll (D:1)
  5 adders
  A white imp (D:5)
  An ufetubus (D:5)
  2 worms
  A dart slug (D:1)
  3 orcs (D:5)
  2 bats
  6 endoplasms
  3 giant cockroaches (D:1)
  10 goblins
  4 hobgoblins
  3 quokkas
  3 ball pythons
  6 frilled lizards
  8 kobolds
  A rat (D:3)
76 creatures vanquished.

Vanquished Creatures (others)
  A wizard (D:5)
  5 plants (D:3)
6 creatures vanquished.

Grand Total: 82 creatures vanquished

Notes
Turn   | Place    | Note
-------+----------+-------------------------------------------
     0 | D:1      | Newt the Kobold Hunter began the quest for the Orb.
     0 | D:1      | Reached XP level 1. HP: 12/12 MP: 1/1
    74 | D:1      | Found The Oracle's Delphic Readings.
   132 | D:1      | Reached XP level 2. HP: 14/17 MP: 2/2
   606 | D:1      | Reached XP level 3. HP: 20/21 MP: 3/3
   789 | D:1      | Reached skill level 6 in Ranged Weapons
  1123 | D:1      | Bought a scroll of identify for 22 gold pieces
  1123 | D:1      | Bought a scroll of identify for 22 gold pieces
  1312 | D:2      | Reached XP level 4. HP: 20/26 MP: 4/4
  1775 | D:2      | Found a faded altar of an unknown god.
  2089 | D:3      | Reached skill level 7 in Ranged Weapons
  3145 | D:4      | Noticed Eustachio
  3161 | D:4      | Killed Eustachio
  3162 | D:4      | Reached skill level 8 in Ranged Weapons
  3162 | D:4      | Reached XP level 5. HP: 7/33 MP: 5/5
  3162 | D:4      | Reached XP level 6. HP: 8/38 MP: 6/6
  4208 | D:4      | Identified the +1 leather armour of Chimes {Harm Regen+}
  4450 | D:5      | Entered Level 5 of the Dungeon
  4463 | D:5      | Found a shimmering blue altar of Sif Muna.
  4565 | D:5      | Reached skill level 5 in Dodging
  4565 | D:5      | Reached XP level 7. HP: 42/43 MP: 7/7
  4588 | D:5      | Reached skill level 1 in Armour
  4762 | D:5      | Found a runed translucent door.
  4763 | D:5      | Noticed a yak
  4764 | D:5      | Noticed sokol815's ghost (novice OpFE)
  4824 | D:5      | Reached XP level 8. HP: 39/48 MP: 8/8
  5030 | D:5      | Identified a scroll of acquirement
  5030 | D:5      | Acquired a +4 arbalest of draining
  5152 | D:5      | Found a bloodstained altar of Trog.
  5155 | D:5      | Noticed a wizard
  5167 | D:5      | Killed a wizard
  5503 | D:5      | Slain by a yak

Illustrated notes

Levels and vault maps discovered:
D:1:      onia_arrival_mini_maze_b, layout_basic, nicolae_nh_oracle_at_delphi
D:2:      layout_loops_cross, shapermc_ecumenical_altar_hornbeckon
D:3:      layout_basic, serial_bayou_crossing
D:4:      layout_cave_pods, uniq_eustachio
D:5:      layout_loops_cross, led_sif_pool, trog_wizard,
          ebering_ghost_inner_flame, minmay_misc_feat_chi,
          minmay_a_box_with_orc_wizards_in_it

Skill      XL: |  1  2  3  4  5  6  7  8 |
---------------+-------------------------+-----
Stealth        | 2 3 |  3.0
Ranged Weapons | 6 8 |  8.6
Fighting       | 4 |  4.0
Dodging        | 5 |  5.0
Armour         | 3 4 |  4.0

Action                   |  1- 3 |  4- 6 |  7- 9 || total
-------------------------+-------+-------+-------++-------
 Fire: Shortbow          |    62 |    99 |    58 ||   219
       Arbalest          |       |       |    19 ||    19
  Use: Scroll            |     5 |     4 |     5 ||    14
       Potion            |       |       |     1 ||     1
Armor: Leather armour    |     1 |     9 |    10 ||    20
       Skin              |       |       |    28 ||    28
Dodge: Dodged            |    10 |    38 |    35 ||    83

Table legend: (Time is in decaauts)
 A = Elapsed time spent in this place.
 B = Non-inter-level travel time spent in this place.
 C = Inter-level travel time spent in this place.
 D = Time resting spent in this place.
 E = Time spent auto-exploring this place.
 F = Levels seen in this place.
 G = Mean time per level.
                   A        B        C        D        E       F      G
               +--------+--------+--------+--------+--------+-----+--------+
         Total |   5581 |   5312 |    269 |    634 |   4171 |   5 | 1116.2 |
       Dungeon |   5581 |   5312 |    269 |    634 |   4171 |   5 | 1116.2 |
               +--------+--------+--------+--------+--------+-----+--------+

Top non-repeatable levels by time:
     D:4: 1518 daAuts
     D:1: 1154 daAuts
     D:5: 1071 daAuts
     D:3: 968 daAuts
     D:2: 869 daAuts
